 Dungeon Crawl Stone Soup version 0.29-a0-994-gc5c9f59d18 (webtiles) character file.

Game seed: 280450725416320960

185 MisterAzrael the Conjurer (level 5, -4/28 HPs)
             Began as a Deep Elf Conjurer on Aug 4, 2022.
             Slain by a lemure (9 damage)
             ... led by Pikel
             ... on level 4 of the Dungeon.
             The game lasted 00:05:25 (3846 turns).

MisterAzrael the Conjurer (Deep Elf Conjurer)       Turns: 3846, Time: 00:05:26

Health: -4/28      AC:  2    Str:  4    XL:     5   Next: 37%
Magic:  13/23      EV: 12    Int: 25    God:
Gold:   111        SH:  0    Dex: 16    Spells: 2/13 levels left

rFire   + + .      SeeInvis .   m - +12 dagger "Xoeg" {vorpal, rF+ MP+9 Dex+3}
rCold   + . .      Faith    .   (no shield)
rNeg    . . .      Spirit   .   a - +0 robe
rPois   +          Reflect  .   (no helmet)
rElec   +          Harm     .   (no cloak)
rCorr   +          Rampage  .   (no gloves)
Will    .....                   (no boots)
Stlth   ++........              (no amulet)
HPRegen 0.09/turn               (no ring)
MPRegen 0.18/turn               (no ring)

@: resistant
A: no striking features
a: no special abilities


You were on level 4 of the Dungeon.
You visited 1 branch of the dungeon, and saw 4 of its levels.

You collected 111 gold pieces.

Inventory:

Hand Weapons
 l - the +3 spear "Ultimatum" {vorpal, SInv}
   (You found it on level 2 of the Dungeon)

   It inflicts extra damage upon your enemies.
   SInv:      It lets you see invisible.
 m - the +12 dagger "Xoeg" (weapon) {vorpal, rF+ MP+9 Dex+3}
   (You found it on level 2 of the Dungeon)

   It inflicts extra damage upon your enemies.
   Dex:       It affects your dexterity (+3).
   rF:        It protects you from fire.
   MP:        It affects your magic capacity (+9).
 q - a +0 club
Armour
 a - a +0 robe (worn)
Wands
 h - a wand of charming (8)
 n - a wand of digging (8)
Scrolls
 c - a scroll of enchant weapon {unknown}
 d - 2 scrolls of poison {unknown}
 f - 2 scrolls of blinking {unknown}
 g - 4 scrolls of identify {unknown}
 i - 2 scrolls of amnesia {unknown}
 j - a scroll of brand weapon {unknown}
 p - a scroll of teleportation {unknown}
 t - a scroll of immolation {unknown}
 u - a scroll of summoning {unknown}
Potions
 b - 2 potions of magic
 o - a potion of lignification {unknown}
 r - a potion of mutation {unknown}
 s - a potion of attraction {unknown}
 v - a potion of curing {unknown}


   Skills:
 + Level 1.5 Short Blades
 - Level 2.5 Dodging
 - Level 2.5 Stealth
 + Level 4.8 Spellcasting
 * Level 6.2 Conjurations


You had 2 spell levels left.
You knew the following spells:

 Your Spells              Type           Power      Damage    Failure   Level
a - Magic Dart            Conj           100%       1d8       1%          1
b - Searing Ray           Conj           74%        2d7       1%          2
c - Iskenderun's Mystic   Conj/Tloc      21%        2d6       24%         4
d - Fulminant Prism       Conj/Hex       10%        3d9       24%         4

Your spell library contained the following spells:

 Spells                   Type           Power      Damage    Failure   Level
 Dazzling Flash           Conj/Hex       42%        N/A       7%          3


Dungeon Overview and Level Annotations

Branches:
Dungeon (4/15)
 Temple: D:4-7

Altars:

Annotations:
D:3 1 runed translucent door, frimble's ghost, amateur DsEE
D:4 Pikel


Message History

You feel protected. The lemure hits you.
* * * LOW HITPOINT WARNING * * *
It was a potion of heal wounds.
You feel much better. The lemure hits you.
The lemure hits you but does no damage.
Casting: Searing Ray (safe; 1% risk of failure)
Confirm with . or Enter, or press ? or * to list all spells.
Aiming: Searing Ray (safe; 1% risk of failure)
Press: ? - help, Shift-Dir - straight line, f - lemure
Aim: a lemure (moderately wounded, 76% to hit)
The searing ray hits the lemure!
The lemure is severely wounded.
The searing ray hits Pikel!
Pikel is heavily wounded. (Press . to maintain the ray.)
The lemure hits you. The lemure closely misses you.
The searing ray hits the lemure but does no damage.
The lemure is severely wounded.
The searing ray hits Pikel.
Pikel is severely wounded.
The lemure hits you.
The searing ray hits the lemure!
The lemure is almost dead.
The lemure hits you. The lemure completely misses you.
The lemure barely misses you. The lemure attacks as you move away!
The lemure hits you. x2
* * * LOW HITPOINT WARNING * * *
Pikel cracks his whip.
Casting: Searing Ray (safe; 1% risk of failure)
Confirm with . or Enter, or press ? or * to list all spells.
Aiming: Searing Ray (safe; 1% risk of failure)
Press: ? - help, Shift-Dir - straight line, f - Pikel, p - lemure
Aim: Pikel, wielding a +1 whip of freezing and wearing a +0 robe (severely wounded, 76% to hit)
The searing ray hits the lemure.
The lemure is lightly wounded.
The searing ray hits Pikel.
Pikel is severely wounded. (Press . to maintain the ray.)
The lemure hits you!
You die...

. ..# ####....## #
##...##...#
##.#....##..#### .
#..............##.#
#................
##.#.<.#.......#
.##......5....##
.........5K@....#
....#.#..#5........
... ####.##...†....
.. #...5##....†..#
.5..K5#!.##.....†##
.... ...##........
... .5..##....##.#
.. ..........## ##
. ##.#/..


You could see Pikel and 3 lemures.

Vanquished Creatures
  Terence (D:2)
  An orc wizard (D:3)
  A gnoll (D:1)
  3 adders
  2 worms
  5 dart slugs
  11 orcs (D:3)
  10 endoplasms
  A giant cockroach (D:4)
  7 goblins (D:2)
  6 hobgoblins
  2 jackals (D:4)
  4 quokkas
  5 ball pythons
  A bat (D:3)
  3 frilled lizards
  4 kobolds
  4 rats
71 creatures vanquished.

Vanquished Creatures (others)
  A fulminant prism (D:2)
1 creature vanquished.

Grand Total: 72 creatures vanquished

Notes
Turn   | Place    | Note
-------+----------+-------------------------------------------
     0 | D:1      | MisterAzrael the Deep Elf Conjurer began the quest for the
                  | Orb.
     0 | D:1      | Reached XP level 1. HP: 10/10 MP: 6/6
   272 | D:1      | Reached XP level 2. HP: 7/15 MP: 0/8
   500 | D:1      | Learned a level 2 spell: Searing Ray
   567 | D:1      | Reached skill level 5 in Conjurations
   923 | D:1      | Reached XP level 3. HP: 19/19 MP: 6/10
  1615 | D:2      | Identified the +3 spear "Ultimatum" {vorpal, SInv}
  1651 | D:2      | Identified the +12 dagger "Xoeg" {vorpal, rF+ MP+9 Dex+3}
  2000 | D:2      | Noticed Terence
  2003 | D:2      | Reached XP level 4. HP: 24/24 MP: 12/12
  2008 | D:2      | Learned a level 4 spell: Iskenderun's Mystic Blast
  2013 | D:2      | Learned a level 4 spell: Fulminant Prism
  2023 | D:2      | Killed Terence
  2595 | D:3      | Reached skill level 1 in Short Blades
  2638 | D:3      | Reached skill level 6 in Conjurations
  2638 | D:3      | Reached XP level 5. HP: 20/28 MP: 13/13
  3023 | D:3      | Found a runed translucent door.
  3026 | D:3      | Noticed frimble's ghost (amateur DsEE)
  3101 | D:3      | Found a faded altar of an unknown god.
  3828 | D:4      | Noticed Pikel
  3828 | D:4      | Noticed a lemure
  3828 | D:4      | Noticed a lemure
  3830 | D:4      | Noticed a lemure
  3838 | D:4      | Noticed a lemure
  3840 | D:4      | HP: 1/28 [lemure[Pikel] (4)]
  3846 | D:4      | Slain by a lemure

Illustrated notes

Levels and vault maps discovered:
D:1:      minmay_arrival_open_corners, layout_loops_ring, minivault_27
D:2:      layout_basic, uniq_terence
D:3:      layout_basic, ebering_ecumenical_altar_mist, ebering_ghost_sewer_d
D:4:      layout_cave_pools, makhleb_blood_cavern_becter, serial_shops, shop,
          uniq_pikel, uniq_eustachio, uniq_blork_the_orc

Skill      XL: |  1  2  3  4 |
---------------+-------------+-----
Conjurations   | 5 6 |  6.2
Spellcasting   | 4 |  4.8
Short Blades   | 1 |  1.5
Dodging        | |  2.5
Stealth        | |  2.5

Action                   |  1- 3 |  4- 6 || total
-------------------------+-------+-------++-------
Melee: Dagger            |     8 |     8 ||    16
       Spear             |     2 |       ||     2
 Cast: Magic Dart        |    31 |    27 ||    58
       Searing Ray       |    21 |    15 ||    36
       Iskenderun's Myst |       |     1 ||     1
       Fulminant Prism   |       |     1 ||     1
  Use: Potion            |       |     2 ||     2
Armor: Robe              |     4 |     1 ||     5
Dodge: Dodged            |     8 |    15 ||    23

Table legend: (Time is in decaauts)
 A = Elapsed time spent in this place.
 B = Non-inter-level travel time spent in this place.
 C = Inter-level travel time spent in this place.
 D = Time resting spent in this place.
 E = Time spent auto-exploring this place.
 F = Levels seen in this place.
 G = Mean time per level.
                   A        B        C        D        E       F      G
               +--------+--------+--------+--------+--------+-----+--------+
         Total |   3844 |   3740 |    104 |    432 |   2905 |   4 |  961.0 |
       Dungeon |   3844 |   3740 |    104 |    432 |   2905 |   4 |  961.0 |
               +--------+--------+--------+--------+--------+-----+--------+

Top non-repeatable levels by time:
     D:3: 1550 daAuts
     D:1: 1226 daAuts
     D:2: 1019 daAuts
     D:4: 47 daAuts
